Map: Hecate LE

Players

oldtestiment - Winner!

  • Race: Zerg Zerg
  • League: Diamond
  • Spawn Location: 7:00

SubN

  • Race: Zerg Zerg
  • League: Diamond
  • Spawn Location: 1:00

VOD

Have the link to the VOD?

Description

Time

  • Played on: Nov. 19, 2023, 2:35 p.m.
  • Length: 4:50
Show
View Real Time Build Order
Export as new Build Order

oldtestiment Zerg - Winner!

Build Orders: Hatch First 

Get SALT Encoding   

  12  0:00  Drone  
  13  0:12  Overlord  
  13  0:17  Drone  
  14  0:31  Drone  
  14  0:32  Drone  
  16  0:49  Hatchery  
  15  0:51  Drone  
  15  0:55  Drone  
  17  1:06  Extractor  
  17  1:10  Spawning Pool  
  15  1:15  Drone  
  15  1:17  Drone  
  17  1:21  Drone  
  18  1:28  Drone  
  19  2:00  Queen  
  19  2:01  Queen  
  21  2:02  Zergling x4  
  21  2:04  Drone  
  21  2:05  Drone  
  27  2:13  Metabolic Boost  
  27  2:17  Spine Crawler  
  27  2:19  Overlord  
  26  2:24  Drone  
  26  2:25  Drone  
  28  2:40  Drone x3  
  31  2:53  Hatchery  
  32  3:01  Queen  
  32  3:06  Zergling x6  
  32  3:07  Baneling Nest  
  32  3:21  Zergling x6  
  33  3:34  Zergling x2  
  33  3:35  Zergling x4  
  35  3:46  Zergling x2  
  35  3:47  Zergling x2  
  36  3:48  Overlord  
  36  3:49  Overlord  
  36  3:52  Baneling x2  
  36  3:59  Spine Crawler  
  33  4:10  Queen  
  33  4:12  Drone  
  33  4:13  Drone x4  
  39  4:26  Drone  
  39  4:27  Baneling  
  39  4:31  Baneling  
Show
View Real Time Build Order
Export as new Build Order

SubN Zerg 

Build Orders: Pool First 

Get SALT Encoding   

  12  0:00  Drone  
  13  0:08  Drone  
  13  0:12  Extractor  
  13  0:29  Spawning Pool  
  12  0:58  Hatchery  
  11  1:15  Queen  
  13  1:27  Metabolic Boost  
  13  1:35  Overlord  
  13  1:41  Zergling x2  
  14  1:54  Zergling x4  
  15  1:57  Zergling x2  
  17  2:08  Zergling x2  
  17  2:12  Queen  
  20  2:17  Zergling x2  
  20  2:22  Zergling x2  
  22  2:27  Zergling x2  
  23  2:33  Zergling x2  
  23  2:36  Zergling x2  
  25  2:42  Zergling x2  
  26  2:44  Zergling x2  
  27  3:02  Zergling x2  
  27  3:05  Overlord  
  27  3:19  Zergling x2  
  25  3:20  Zergling x4  
  23  3:43  Zergling x2  
  23  3:44  Zergling x2  
  23  3:45  Zergling x10  
  25  3:57  Zergling x6  
  28  4:09  Zergling x4  
  23  4:30  Zergling x10  
Tags
 
Add a new tag
Caveats
  • Supply blocks, unpowered buildings, or Contaminate may cause inaccurate times.
  • Supply counts are checked every 10 seconds.